Map: Dusk Towers

Players

Jerit

  • Race: Zerg Zerg

A.I. 1 (Very Easy) - Winner!

  • Race: Protoss Protoss

VOD

Have the link to the VOD?

Description

Practice exercise for beginner Zerg. Saturated 3 bases with workers. 22 x 3 = 66 workers. Practice until you meet the benchmark ~5:15 minutes.

Time

  • Played on: Nov. 25, 2015, 11:15 p.m.
  • Length: 5:24
Show
View Real Time Build Order
Export as new Build Order

Jerit Zerg 

Build Orders: Hatch First 

Get SALT Encoding   

  12  0:01  Drone  
  13  0:13  Overlord  
  13  0:19  Drone  
  14  0:31  Drone x2  
  14  0:35  Drone  
  17  0:55  Hatchery  
  16  0:57  Drone  
  16  0:59  Drone  
  18  1:15  Spawning Pool  
  18  1:17  Drone  
  18  1:21  Drone  
  19  1:28  Drone  
  20  1:40  Overlord  
  20  1:50  Drone  
  21  2:01  Overlord  
  21  2:04  Queen  
  21  2:07  Queen  
  25  2:08  Drone  
  25  2:12  Drone  
  27  2:18  Drone  
  27  2:22  Drone  
  29  2:34  Drone  
  29  2:35  Overlord  
  29  2:36  Hatchery  
  29  2:40  Drone  
  30  2:48  Drone  
  30  2:51  Drone  
  32  2:54  Drone  
  33  3:03  Queen  
  35  3:06  Drone  
  35  3:08  Overlord  
  36  3:14  Extractor  
  36  3:16  Extractor  
  36  3:17  Drone x2  
  36  3:18  Drone x4  
  40  3:21  Overlord  
  40  3:23  Drone  
  40  3:26  Extractor  
  40  3:27  Extractor  
  39  3:34  Drone  
  39  3:40  Overlord  
  40  3:44  Drone x2  
  42  3:53  Drone x2  
  42  3:54  Drone x4  
  48  4:00  Drone x3  
  51  4:07  Drone  
  51  4:08  Drone  
  53  4:23  Drone x6  
  53  4:24  Drone x3  
  62  4:39  Extractor  
  62  4:41  Drone x7  
  62  4:42  Extractor  
  62  4:45  Drone  
  68  4:51  Drone x2  
  70  5:02  Drone  
  70  5:03  Drone x2  
Show
View Real Time Build Order
Export as new Build Order

A.I. 1 (Very Easy) Protoss - Winner!

Build Orders: 1 Gate Expand, Nexus First 

Get SALT Encoding   

  12  0:01  Probe (Chrono Boost)  
  13  0:11  Probe (Chrono Boost)  
  14  0:20  Pylon  
  14  0:42  Gateway  
  14  1:00  Nexus  
  14  1:18  Pylon  
  14  1:22  Assimilator  
  14  1:29  Zealot  
  16  1:34  Cybernetics Core  
  16  1:36  Probe (Chrono Boost)  
  17  1:48  Probe (Chrono Boost)  
  18  1:58  Assimilator  
  18  1:59  Probe (Chrono Boost)  
  19  2:09  Probe (Chrono Boost)  
  19  2:11  Stalker  
  19  2:13  Probe (Chrono Boost)  
  19  2:15  Warp Gate  
  23  2:22  Probe (Chrono Boost)  
  24  2:28  Probe (Chrono Boost)  
  25  2:36  Probe (Chrono Boost)  
  26  2:45  Probe (Chrono Boost)  
  26  2:46  Assimilator  
  26  2:47  Pylon  
  27  2:53  Probe (Chrono Boost)  
  28  3:00  Probe (Chrono Boost)  
  29  3:07  Probe (Chrono Boost)  
  29  3:11  Robotics Facility  
  30  3:14  Probe (Chrono Boost)  
  31  3:26  Zealot  
  34  3:27  Probe (Chrono Boost)  
  35  3:34  Probe (Chrono Boost)  
  36  3:41  Probe (Chrono Boost)  
  37  3:48  Probe (Chrono Boost)  
  38  3:56  Probe (Chrono Boost)  
  38  3:59  Observer  
  40  4:03  Probe (Chrono Boost)  
  41  4:10  Probe (Chrono Boost)  
  41  4:16  Probe (Chrono Boost), Assimilator  
  42  4:18  Observer  
  44  4:24  Probe (Chrono Boost)  
  44  4:30  Probe (Chrono Boost)  
  45  4:34  Pylon  
  46  4:39  Probe (Chrono Boost)  
  46  4:40  Sentry  
  49  4:46  Probe (Chrono Boost)  
  50  4:53  Probe (Chrono Boost)  
Tags
 
Add a new tag
Caveats
  • Supply blocks, unpowered buildings, or Contaminate may cause inaccurate times.
  • Supply counts are checked every 10 seconds.